 Dungeon Crawl Stone Soup version 0.29-a0-380-gf50f0a9fbc (webtiles) character file.

Game seed: 15176414033361648676

1313 Antichthon the Slasher (level 8, -6/62 HPs)
             Began as a Formicid Abyssal Knight on May 5, 2022.
             Was an Elder of Lugonu.
             Mangled by an orc warrior
             ... wielding a +0 broad axe
              (16 damage)
             ... on level 6 of the Dungeon.
             The game lasted 00:11:28 (5680 turns).

Antichthon the Slasher (Formicid Abyssal Knight)    Turns: 5680, Time: 00:11:29

Health: -6/62      AC:  8    Str: 18 (19) XL:     8   Next: 89%
Magic:  0/10       EV: 10    Int:  8 (9)  God:    Lugonu [****..]
Gold:   71         SH:  0    Dex: 12 (13) Spells: 7/7 levels left

rFire   . . .      SeeInvis +   a - +4 demon blade (elec)
rCold   . . .      Faith    .   (no shield)
rNeg    . . .      Spirit   +   e - +0 scale mail
rPois   .          Reflect  .   (helmet unavailable)
rElec   .          Harm     .   (no cloak)
rCorr   .          Rampage  .   (no gloves)
Will    .....      Clarity  +   f - +0 pair of boots
Stlth   +.........              g - amulet of guardian spirit
HPRegen 0.20/turn               (no ring)
MPRegen 0.12/turn               (no ring)

@: no status effects
A: permanent stasis, dig shafts and tunnels, antennae 3, four strong arms,
clarity, deterioration 1
a: Dig, Shaft Self, Renounce Religion, Depart the Abyss, Bend Space, Banish,
Corrupt


You were on level 6 of the Dungeon.
You worshipped Lugonu.
Lugonu was greatly pleased with you.
You visited 1 branch of the dungeon, and saw 6 of its levels.
You visited the Abyss 1 time.

You collected 268 gold pieces.
You spent 197 gold pieces at shops.

Inventory:

Hand Weapons
 a - a +4 demon blade of electrocution (weapon)
 h - a +0 eveningstar of flaming
Armour
 e - a +0 scale mail (worn)
 f - a +0 pair of boots (worn)
Jewellery
 g - an amulet of guardian spirit (around neck)
Wands
 u - a wand of mindburst (18)
 v - a wand of flame (8)
Scrolls
 k - a scroll of noise {unknown}
 m - a scroll of fear {unknown}
 n - a scroll of enchant weapon {unknown}
 p - a scroll of blinking {unknown}
 q - 2 scrolls of magic mapping
Potions
 b - 2 potions of might
 c - a potion of lignification
 d - a potion of curing
 i - 2 potions of degeneration {unknown}
 j - 3 potions of brilliance
 o - a potion of attraction {unknown}
 r - a potion of ambrosia {unknown}
 s - a potion of haste {unknown}
 t - a potion of invisibility {unknown}
 w - a potion of magic {unknown}
 x - a potion of flight {unknown}


   Skills:
 * Level 5.1 Fighting
 * Level 5.6 Long Blades
 * Level 2.4 Crossbows
 * Level 4.8 Armour
 * Level 2.5 Dodging
 * Level 3.4 Stealth
 * Level 2.9 Shields
 * Level 3.7 Invocations
 * Level 2.6 Evocations


You had 7 spell levels left.
You didn't know any spells.
Your spell library contained the following spells:

 Spells                   Type           Power      Damage    Failure   Level
 Foxfire                  Conj/Fire      0%         2x1d4     78%         1
 Summon Small Mammal      Summ           0%         N/A       78%         1
 Ensorcelled Hibernation  Hex/Ice        0%         N/A       89%         2
 Passwall                 Tmut/Erth      0%         N/A       89%         2
 Call Canine Familiar     Summ           0%         N/A       98%         3
 Conjure Flame            Conj/Fire      0%         6-21      98%         3
 Inner Flame              Hex/Fire       0%         N/A       98%         3
 Summon Guardian Golem    Hex/Summ       0%         N/A       98%         3
 Flame Wave               Conj/Fire      0%         2d4       100%        4
 Swiftness                Air            Unusable   N/A       N/A         3

Dungeon Overview and Level Annotations

Branches:
Dungeon (6/15)             Temple (0/1) D:4

Altars:

Shops:
D:3 *   D:5 !


Innate Abilities, Weirdness & Mutations

You cannot be hasted, slowed, berserked, paralysed or teleported.
You can dig through walls and to a lower floor.
You have a pair of large antennae on your head. (SInv)
Your four strong arms can wield two-handed weapons with a shield.
You possess an exceptional clarity of mind.
Your body sometimes deteriorates upon taking damage.


Message History

* * * LOW HITPOINT WARNING * * *
Your body deteriorates!
You feel clumsy.
Unknown command.
You feel much better.
The orc priest mumbles some strange prayers to Beogh against you.
Beogh smites you!
Your body deteriorates!
You feel dopey. The shadow imp hits you.
Unknown command.
An orc comes into view. It is wielding a +0 hand axe.
The orc warrior hits you with a +0 broad axe!
The shadow imp gestures at you. Pain shoots through your body!
* * * LOW HITPOINT WARNING * * *
Unknown command.
You slash the shadow imp!
Lightning courses through the shadow imp!!
You kill the shadow imp!
Lugonu accepts your kill.
The orc warrior hits you with a +0 broad axe!
* * * LOW HITPOINT WARNING * * *
Unknown command.
You feel much better. The orc priest closely misses you.
The orc warrior hits you with a +0 broad axe!
Unknown command.
You slash the orc priest!
The orc priest is severely wounded.
The orc priest mumbles some strange prayers to Beogh against you.
You struggle to resist.
The orc warrior hits you with a +0 broad axe.
The orc warrior hits you with a +0 broad axe!
* * * LOW HITPOINT WARNING * * *
Your body deteriorates!
You feel weakened.
The orc priest hits you but does no damage.
You hit the orc priest but do no damage.
The orc priest is severely wounded.
An orc comes into view. It is wielding a +0 war axe.
The orc barely misses you.
The orc warrior hits you with a +0 broad axe!
You die...

##+#......#......#
#.........#......#
#.........#......#
+.........{....o.##
#.........###+#...#
####...†...........###
....†#+###+##......#
.....# #..oo..# ...
.....# #...@o.# ...
.....# #......#####..
...... #####.......#
...... #.......+ ......
#.......# .......
#.......# #.......##
################......#
...+.......# #..>...#


You could see an orc warrior, an orc priest and 2 orcs.

Vanquished Creatures
  Menkaure (D:4)
  A water moccasin (D:6)
  2 black bears
  An ice beast (D:6)
  6 scorpions
  A howler monkey (D:6)
  A jelly (D:4)
  A hound (D:3)
  4 iguanas
  An orc wizard (D:4)
  10 adders
  A shadow imp (D:6)
  2 worms
  4 dart slugs
  20 orcs
  6 bats
  9 endoplasms
  4 giant cockroaches
  7 goblins
  5 hobgoblins
  5 jackals
  8 kobolds
  5 quokkas
  10 ball pythons
  6 frilled lizards
  4 rats
125 creatures vanquished.

Vanquished Creatures (others)
  3 plants (D:3)
3 creatures vanquished.

Grand Total: 128 creatures vanquished

Notes
Turn   | Place    | Note
-------+----------+-------------------------------------------
     0 | Abyss:1  | Antichthon the Formicid Abyssal Knight began the quest for
                  | the Orb.
     0 | Abyss:1  | Reached XP level 1. HP: 18/18 MP: 2/2
     0 | D:1      | Escaped the Abyss
   206 | D:1      | Reached XP level 2. HP: 24/24 MP: 3/3
   214 | D:1      | Reached ** piety under Lugonu
   516 | D:1      | Reached XP level 3. HP: 26/30 MP: 4/4
  1174 | D:2      | Reached skill level 1 in Dodging
  1411 | D:2      | Found a faded altar of an unknown god.
  1655 | D:2      | Reached skill level 1 in Stealth
  1655 | D:2      | Reached skill level 1 in Shields
  1655 | D:2      | Reached XP level 4. HP: 36/37 MP: 5/5
  1725 | D:2      | Gained mutation: You sometimes lose the ability to read
                  | scrolls when taking damage. [potion of mutation]
  1725 | D:2      | Gained mutation: Your spells are a little harder to cast,
                  | but a little more powerful. [potion of mutation]
  1725 | D:2      | Gained mutation: Your muscles are strong. (Str +2) [potion
                  | of mutation]
  1726 | D:2      | Lost mutation: You sometimes lose the ability to read
                  | scrolls when taking damage. [potion of mutation]
  1726 | D:2      | Lost mutation: Your spells are a little harder to cast, but
                  | a little more powerful. [potion of mutation]
  1726 | D:2      | Gained mutation: You are frail. (-10% HP) [potion of
                  | mutation]
  2165 | D:3      | Reached *** piety under Lugonu
  2442 | D:3      | Reached XP level 5. HP: 24/37 MP: 4/6
  2739 | D:3      | Identified a scroll of acquirement
  2739 | D:3      | Acquired a +4 demon blade of electrocution
  2782 | D:3      | Found Weffapne's Assorted Antiques.
  2794 | D:3      | Bought a scroll labelled KEQ YHOLOSSEGIO for 21 gold pieces
  2864 | D:3      | Lost mutation: You are frail. (-10% HP) [potion of
                  | mutation]
  2864 | D:3      | Lost mutation: Your muscles are strong. (Str +2) [potion of
                  | mutation]
  2864 | D:3      | Gained mutation: You are clumsy. (Dex -2) [potion of
                  | mutation]
  3077 | D:3      | Reached skill level 1 in Crossbows
  3304 | D:4      | Noticed a black bear
  3309 | D:3      | Killed a black bear
  3310 | D:3      | Reached skill level 1 in Evocations
  3310 | D:3      | Reached XP level 6. HP: 43/48 MP: 4/8
  3575 | D:4      | Noticed a black bear
  3601 | D:4      | Killed a black bear
  3601 | D:4      | Reached **** piety under Lugonu
  3602 | D:4      | Reached XP level 7. HP: 40/55 MP: 7/9
  3726 | D:4      | Found a staircase to the Ecumenical Temple.
  3833 | D:4      | Noticed Menkaure
  4060 | D:4      | Killed Menkaure
  4403 | D:5      | Entered Level 5 of the Dungeon
  4413 | D:5      | Reached XP level 8. HP: 58/61 MP: 10/10
  4804 | D:5      | Found Caghaih's Distillery.
  4812 | D:5      | Bought a potion of mutation for 88 gold pieces
  4812 | D:5      | Bought a potion of mutation for 88 gold pieces
  4812 | D:5      | Lost mutation: You are clumsy. (Dex -2) [potion of
                  | mutation]
  4812 | D:5      | Gained mutation: You are weak. (Str -2) [potion of
                  | mutation]
  4812 | D:5      | Gained mutation: You are clumsy. (Dex -2) [potion of
                  | mutation]
  4812 | D:5      | Gained mutation: Your flesh is cold resistant. (rC+)
                  | [potion of mutation]
  4813 | D:5      | Lost mutation: Your flesh is cold resistant. (rC+) [potion
                  | of mutation]
  4813 | D:5      | Lost mutation: You are weak. (Str -2) [potion of mutation]
  4813 | D:5      | Lost mutation: You are clumsy. (Dex -2) [potion of
                  | mutation]
  4813 | D:5      | Gained mutation: Your body sometimes deteriorates upon
                  | taking damage. [potion of mutation]
  4813 | D:5      | Gained mutation: You possess an exceptional clarity of
                  | mind. [potion of mutation]
  5094 | D:5      | Reached skill level 5 in Long Blades
  5453 | D:6      | Reached skill level 5 in Fighting
  5677 | D:6      | HP: 3/62 [orc warrior/+0 broad axe (12)]
  5680 | D:6      | Mangled by an orc warrior

Illustrated notes

Levels and vault maps discovered:
D:1:      nzn_arrival_depleted_hourglass, layout_rooms, fountainhead,
          chequers_serial_rivers_micro_d
D:2:      layout_loops_ring, ebering_ecumenical_altar_box
D:3:      minmay_thinvault, layout_loops_cross, serial_shops,
          nicolae_shop_overgrown_old_shop, minmay_misc_feat_tower,
          hangedman_decor_growths
D:4:      layout_rooms, temple_pool_b, uniq_menkaure
D:5:      layout_loops_cross, serial_shops, shop, ebering_dispersal_statue_hall,
          corexii_checkpoint_a
D:6:      layout_gridville, uniq_maggie

Skill      XL: |  1  2  3  4  5  6  7  8 |
---------------+-------------------------+-----
Dodging        | 1 2 |  2.5
Fighting       | 4 5 |  5.1
Stealth        | 1 2 3 |  3.4
Shields        | 1 2 |  2.9
Armour         | 3 4 |  4.8
Long Blades    | 3 4 5 |  5.6
Crossbows      | 1 2 |  2.4
Evocations     | 1 2 |  2.6
Invocations    | 3 |  3.7

Action                   |  1- 3 |  4- 6 |  7- 9 || total
-------------------------+-------+-------+-------++-------
Melee: Falchion          |   101 |    85 |       ||   186
       Demon blade       |       |    52 |   105 ||   157
Invok: Depart the Abyss  |     1 |       |       ||     1
  Use: Scroll            |     6 |     4 |     2 ||    12
       Potion            |       |     5 |     4 ||     9
Armor: Leather armour    |    13 |       |       ||    13
       Scale mail        |    47 |    77 |    34 ||   158
Dodge: Dodged            |    60 |   106 |    50 ||   216

Table legend: (Time is in decaauts)
 A = Elapsed time spent in this place.
 B = Non-inter-level travel time spent in this place.
 C = Inter-level travel time spent in this place.
 D = Time resting spent in this place.
 E = Time spent auto-exploring this place.
 F = Levels seen in this place.
 G = Mean time per level.
                   A        B        C        D        E       F      G
               +--------+--------+--------+--------+--------+-----+--------+
         Total |   5730 |   5607 |    123 |    698 |   3792 |   7 |  818.6 |
       Dungeon |   5730 |   5607 |    123 |    698 |   3792 |   6 |  955.0 |
         Abyss |      0 |      0 |      0 |      0 |      0 |   1 |    0.0 |
               +--------+--------+--------+--------+--------+-----+--------+

Top non-repeatable levels by time:
     D:3: 1619 daAuts
     D:1: 1006 daAuts
     D:2: 967 daAuts
     D:5: 900 daAuts
     D:4: 857 daAuts
     D:6: 378 daAuts
